 Dungeon Crawl Stone Soup version 0.32-a0-913-g739538afd8 (webtiles) character file.

Game seed: 18201440784265460539

121 Newt the Shooter (level 5, -2/32 HPs)
             Began as a Kobold Hunter on Apr 9, 2024.
             Slain by an orc
             ... wielding a +0 morningstar
              (10 damage)
             ... on level 2 of the Dungeon.
             The game lasted 00:01:26 (1215 turns).

Newt the Shooter (Kobold Hunter)                    Turns: 1215, Time: 00:01:27

Health: -2/32      AC:  4    Str:  8    XL:     5   Next: 26%
Magic:  5/5        EV: 13    Int: 10    God:
Gold:   119        SH:  0    Dex: 21    Spells: 4/4 levels left

rFire   . . .        a - +0 shortbow
rCold   . . .        (shield currently unavailable)
rNeg    . . .        c - +0 leather armour
rPois   .            k - +0 helmet
rElec   .            (no cloak)
rCorr   .            (no gloves)
SInv    +            (no boots)
Will    .....        (no amulet)
Stlth   +++          i - ring of see invisible
HPRegen 0.25/turn    (no ring)
MPRegen 0.09/turn

%: no passive effects
@: no status effects
A: small, no large weapons, nightstalker 3
a: Convert to Beogh


You were on level 2 of the Dungeon.
You visited 1 branch of the dungeon, and saw 2 of its levels.

You collected 119 gold pieces.

Inventory:

Hand Weapons
 a - a +0 shortbow (weapon)
Armour
 c - a +0 leather armour (worn)
 k - a +0 helmet (worn)
Jewellery
 i - a ring of see invisible (left hand)
Scrolls
 b - a scroll of butterflies
 d - 2 scrolls of teleportation {unknown}
 l - a scroll of noise {unknown}
 m - a scroll of amnesia {unknown}
Potions
 e - a potion of heal wounds {unknown}
 f - a potion of resistance {unknown}
 g - 2 potions of ambrosia {unknown}
 h - 2 potions of brilliance {unknown}
 j - a potion of curing {unknown}


   Skills:
 + Level 3.6 Fighting
 * Level 7.3 Ranged Weapons
 - Level 2.4 Dodging
 - Level 1.3 Stealth


You had 4 spell levels left.
You didn't know any spells.
Your spell library contained the following spells:

 Spells                   Type           Power      Damage    Failure   Level
 Foxfire                  Conj/Fire      0%         2x1d4     50%         1
 Ensorcelled Hibernation  Hex/Ice        0%         N/A       63%         2
 Fugue of the Fallen      Necr           0%         N/A       86%         3
 Anguish                  Hex/Necr       0%         N/A       99%         4


Dungeon Overview and Level Annotations

Branches:
Dungeon (2/15)

Altars:


Innate Abilities, Weirdness & Mutations

You are small and have problems with some larger weapons.
You are completely attuned to the shadows.


Message History

You shoot an arrow. The orc shouts!
The arrow hits the orc.
You kill the orc!
You shoot an arrow. The arrow hits the orc priest.
The orc priest is almost dead.
The orc priest hits you with a +0 mace.
You shoot an arrow.
The arrow closely misses the orc priest.
The arrow barely misses the orc.
The orc priest closely misses you.
The orc hits you from afar with a +0 trident.
You shoot an arrow.
The arrow closely misses the orc priest.
The arrow barely misses the orc.
The orc priest closely misses you. The orc misses you.
The orc completely misses you.
You shoot an arrow. The arrow barely misses the orc priest.
The arrow completely misses the orc.
The orc priest mumbles some strange prayers to Beogh against you.
Pain shoots through your body! The orc hits you but does no damage. x2
The orc priest shouts, "Surrender to Beogh and we'll let you live!" (press Y on the ability menu to convert to Beogh)
There are monsters nearby!
You shoot an arrow.
The arrow hits the orc priest but does no damage.
The orc priest is almost dead.
The orc priest shouts, "The Pantheon deserves no one's loyalty.
Let us show you the true path!"
The orc priest calls down the wrath of Beogh upon you.
Pain shoots through your body!
* * * LOW HITPOINT WARNING * * *
The orc barely misses you. The orc misses you.
Unknown command.
You shoot an arrow. The arrow barely misses the orc priest.
The arrow hits the orc.
The orc is almost dead.
The orc hits you but does no damage. The orc closely misses you.
Unknown command.
Unknown command.
You shoot an arrow. The arrow barely misses the orc priest.
The orc priest barely misses you. The orc hits you with a +0 morningstar!
You die...

########## #.......
.).......# #.......
.........# #.......
.........# ###†......
.........###....@o...
................o)...
........###..##...o..
.........#..##.....(.
...........##........
.........###..#.....
.).......# .........#
... ....##


You could see an orc priest and 2 orcs.

Vanquished Creatures
  Natasha (twice) (D:2)
  Robin (D:2)
  An adder (D:2)
  An orc (D:2)
  2 ball pythons (D:1)
  An endoplasm (D:2)
  10 goblins
  6 hobgoblins
  6 jackals
  2 quokkas
  7 frilled lizards
  3 kobolds (D:2)
  5 rats
47 creatures vanquished.

Notes
Turn   | Place    | Note
-------+----------+-------------------------------------------
     0 | D:1      | Newt the Kobold Hunter began the quest for the Orb.
     0 | D:1      | Reached XP level 1. HP: 12/12 MP: 1/1
    73 | D:1      | Found a faded altar of an unknown god.
    76 | D:1      | Got Plato's Parchment of the Arsonist
   108 | D:1      | Reached XP level 2. HP: 18/18 MP: 2/2
   461 | D:1      | Reached skill level 6 in Ranged Weapons
   759 | D:2      | Reached XP level 3. HP: 21/22 MP: 3/3
   847 | D:2      | Noticed Robin
   856 | D:2      | Killed Robin
   857 | D:2      | Reached XP level 4. HP: 22/28 MP: 4/4
   901 | D:2      | Noticed Natasha
   903 | D:2      | Killed Natasha
   904 | D:2      | Reached skill level 7 in Ranged Weapons
  1119 | D:2      | Identified the +6 hand axe "Jiunoibu" {flame, rF+ rC- rCorr
                  | Int+3}
  1174 | D:2      | Noticed Natasha
  1180 | D:2      | Killed Natasha
  1181 | D:2      | Reached XP level 5. HP: 26/32 MP: 5/5
  1215 | D:2      | Slain by an orc

Illustrated notes

Levels and vault maps discovered:
D:1:      wheals_arrival_shading, layout_loops_ring,
          shapermc_ecumenical_altar_rom_forum
D:2:      layout_rooms, uniq_crazy_yiuf_cottage, uniq_robin, uniq_natasha

Skill      XL: |  1  2  3  4 |
---------------+-------------+-----
Ranged Weapons | 6 7 |  7.3
Fighting       | 3 |  3.6
Dodging        | |  2.4
Stealth        | |  1.3

Action                     |  1- 3 |  4- 6 || total
---------------------------+-------+-------++-------
   Fire: Shortbow          |    68 |    46 ||   114
 Armour: Leather armour    |    23 |    19 ||    42
  Dodge: Dodged            |    42 |    34 ||    76

Table legend: (Time is in decaauts)
 A = Elapsed time spent in this place.
 B = Non-inter-level travel time spent in this place.
 C = Inter-level travel time spent in this place.
 D = Time resting spent in this place.
 E = Time spent auto-exploring this place.
 F = Levels seen in this place.
 G = Mean time per level.
                   A        B        C        D        E       F      G
               +--------+--------+--------+--------+--------+-----+--------+
         Total |   1229 |   1207 |     22 |    121 |    888 |   2 |  614.5 |
       Dungeon |   1229 |   1207 |     22 |    121 |    888 |   2 |  614.5 |
               +--------+--------+--------+--------+--------+-----+--------+

Top non-repeatable levels by time:
     D:1: 796 daAuts
     D:2: 433 daAuts
